 Dungeon Crawl Stone Soup version 0.30-a0-190-g22c9a3c0ff (webtiles) character file.

Game seed: 15885517619871037430

12167 Morbidden the Carver (level 12, -4/80 HPs)
             Began as a Formicid Fighter on Oct 4, 2022.
             Was a High Priest of Hepliaklqana.
             Killed by divine providence
             ... invoked by a meliai
              (8 damage)
             ... on level 15 of the Dungeon.
             The game lasted 00:18:26 (8635 turns).

Morbidden the Carver (Formicid Fighter)             Turns: 8635, Time: 00:18:27

Health: -4/80      AC: 18    Str: 27    XL:     12   Next: 16%
Magic:  17/17      EV:  9    Int:  9    God:    Hepliaklqana [*****.]
Gold:   967        SH: 11    Dex: 17    Spells: 15/18 levels left

rFire   . . .      SeeInvis +    a - +5 great sword (elec)
rCold   . . .      Faith    .    c - +5 buckler "Ihon Cadiok" {Stlth+}
rNeg    . . .      Spirit   .    N - +0 plate armour
rPois   .          Reflect  .    (helmet unavailable)
rElec   .          Harm     .    B - +0 cloak
rCorr   .          Rampage  .    j - +2 pair of gloves {Stlth+}
Will    +....                    (no boots)
Stlth   ..........               u - amulet of the acrobat
HPRegen 0.33/turn                C - +6 ring of strength
MPRegen 0.15/turn                (no ring)

@: brilliant, studying Armour
A: reduced essence, permanent stasis, dig shafts and tunnels, antennae 3, four
strong arms
a: Dig, Shaft Self, Renounce Religion, Recall Ancestor, Ancestor Identity,
Transference, Idealise


You were on level 15 of the Dungeon.
You worshipped Hepliaklqana.
Hepliaklqana was extremely pleased with you.
You visited 1 branch of the dungeon, and saw 13 of its levels.
You also visited: Bailey.

You collected 967 gold pieces.

Inventory:

Hand Weapons
 a - a +5 great sword of electrocution (weapon)
 b - a +2 vorpal arbalest
 t - a +3 morningstar
Missiles
 i - 3 throwing nets
 x - 8 javelins
 D - 6 curare-tipped darts
 E - 14 boomerangs (quivered)
Armour
 c - the +5 buckler "Ihon Cadiok" (worn) {Stlth+}
   (You acquired it on level 7 of the Dungeon)

   Stlth:     It makes you more stealthy.
 j - a +2 pair of gloves of stealth (worn)
 B - a +0 cloak (worn)
 N - a +0 plate armour (worn)
Jewellery
 u - an amulet of the acrobat (around neck)
 C - a +6 ring of strength (left hand)
 F - the ring of Dudog {Ice Will+ Str+2}
   (You found it in a bailey)

   [ring of ice]

   It enhances your ice magic.
   Str:       It affects your strength (+2).
   rF:        It makes you vulnerable to fire.
   rC:        It protects you from cold.
   Will:      It increases your willpower.
 J - a ring of resist corrosion
 M - a ring of protection from fire
Wands
 o - a wand of mindburst (12)
 w - a wand of paralysis (11)
 K - a wand of flame (16)
Scrolls
 h - 6 scrolls of teleportation
 l - 2 scrolls of noise
 m - 6 scrolls of identify
 p - a scroll of magic mapping
 G - 2 scrolls of amnesia
Potions
 d - a potion of might
 g - 2 potions of curing
 k - 5 potions of brilliance
 n - 4 potions of haste
 r - a potion of flight {unknown}
 v - a potion of lignification {unknown}
 z - 4 potions of invisibility {unknown}
 A - 2 potions of attraction {unknown}
 L - a potion of degeneration {unknown}


   Skills:
 * Level 6.4 Fighting
 * Level 4.9(7.6) Short Blades
 * Level 9.0(9.6) Long Blades
 + Level 1.2 Axes
 * Level 5.3 Ranged Weapons
 + Level 0.4 Throwing
 * Level 8.1 Armour
 * Level 4.4 Dodging
 * Level 3.7 Stealth
 * Level 7.2 Shields
 * Level 3.9 Spellcasting
 * Level 3.7 Translocations
 * Level 3.4 Air Magic
 * Level 5.8 Invocations
 * Level 4.1 Evocations


You had 15 spell levels left.
You knew the following spells:

 Your Spells              Type           Power      Damage    Failure   Level
a - Vhi's Electric Charg  Tloc/Air       24%        N/A       91%         3

Your spell library contained the following spells:

 Spells                   Type           Power      Damage    Failure   Level
 Shock                    Conj/Air       28%        1d4       85%         1
 Static Discharge         Conj/Air       14%        2-3/arc   94%         2
 Freeze                   Ice            8%         1d3       97%         1
 Sandblast                Erth           4%         2d4       97%         1
 Kindle Blastsparks       Fire/Tloc/Air  18%        2d11      98%         3
 Passwall                 Tmut/Erth      1%         N/A       99%         2
 Scorch                   Fire           4%         2d5       99%         2
 Mephitic Cloud           Conj/Pois/Air  5%         N/A       99%         3
 Frozen Ramparts          Ice            4%         1d1       100%        3
 Hailstorm                Conj/Ice       2%         3d3       100%        3
 Ignite Poison            Fire/Tmut/Pois 2%         N/A       100%        3
 Stone Arrow              Conj/Erth      4%         3d7       100%        3
 Airstrike                Air            6%         2d(1-17)  100%        4
 Flame Wave               Conj/Fire      2%         2d4       100%        4
 Arcjolt                  Conj/Air       3%         1d13      100%        5
 Freezing Cloud           Conj/Ice/Air   2%         6-21      100%        5
 Lightning Bolt           Conj/Air       3%         1d15      100%        5
 Summon Cactus Giant      Summ           1%         N/A       100%        6
 Maxwell's Capacitive Co  Air            6%         ∞         100%        8
 Swiftness                Air            Unusable   N/A       N/A         3

Dungeon Overview and Level Annotations

Branches:
Dungeon (15/15)            Temple (0/1) D:7          Bailey (visited)
   Lair: D:8-11         Orc: D:9-12      Vaults: D:13-14     Depths: D:15

Altars:
Hepliaklqana
Ru
Trog
Uskayaw
Vehumet

Shops:
D:1 (

Annotations:
D:13 1 transporter, Azrael; Benup's ghost, journeyman DsHu


Innate Abilities, Weirdness & Mutations

Your life essence is reduced to manifest your ancestor. (-10% HP)
You cannot be hasted, slowed, berserked, paralysed or teleported.
You can dig through walls and to a lower floor.
You have a pair of large antennae on your head. (SInv)
Your four strong arms can wield two-handed weapons with a shield.


Message History

Unknown command.
You slice the meliai!!
You kill the meliai!
The howler monkey closely misses you.
The howler monkey hits you but does no damage.
The howler monkey barely misses you. You block the howler monkey's attack.
Unknown command.
Unknown command.
You don't have any such object.
Evoke which item? (* to show all) (? for menu, Esc to quit)
Okay, then.
Aiming: Mindburst
Press: ? - help, Shift-Dir - straight line, f - meliai
Aim: a meliai, wielding a +0 hand axe and wearing a +0 leather armour (chance to affect: 79%)
The meliai barely resists.
The howler monkey hits you but does no damage.
The howler monkey hits you.
* * * LOW HITPOINT WARNING * * *
Unknown command.
Unknown command.
You slash the meliai!
The meliai is heavily wounded.
The howler monkey is no longer covered in acid.
The meliai calls down the wrath of its god upon you.
Something smites you!
* * * LOW HITPOINT WARNING * * *
The howler monkey hits you but does no damage.
You block the howler monkey's attack. The meliai hits you but does no damage.
The meliai stings you but does no damage.
The howler monkey hoots and howls with incredible vigour! x2
You hear a shout! x2
Unknown command.
You slash the meliai!
The meliai is almost dead.
The meliai invokes the aid of its god against you.
Something smites you!
* * * LOW HITPOINT WARNING * * *
The meliai calls down the wrath of its god upon you.
Something smites you!
You die...

(....###.
.......[.
##.......#
#........# ..
#.......## ...
#.......##....
#...)........
###.)yh.......
#....@hl......
#....###.......
##..# .......
##. ....... #
.#..... .##....
## #...


You could see a basilisk, a meliai and 2 howler monkeys.

Vanquished Creatures
  Josephine (D:11)
  An entropy weaver (shapeshifter) (D:15)
  Erolcha (D:11)
  2 centaur warriors
  A wizard (D:15)
  2 ugly things (D:9)
  Prince Ribbit (D:6)
  2 meliai (D:15)
  A troll (D:13)
  2 wraiths (D:11)
  A vampire (D:13)
  Menkaure (D:4)
  A water moccasin (D:8)
  2 sky beasts
  A black bear (D:6)
  4 orc warriors
  An ogre (D:4)
  5 centaurs
  4 kobold brigands (Bailey)
  A phantom (D:6)
  A gnoll sergeant (D:7)
  2 bullfrogs
  A necrophage (D:4)
  2 scorpions
  10 wights
  A howler monkey (D:15)
  2 orc priests (D:5)
  A hound (D:7)
  Jessica (D:3)
  2 iguanas
  2 orc wizards
  13 gnolls
  8 adders
  4 ufetubi
  A worm (D:5)
  4 dart slugs
  16 orcs
  4 bats
  4 endoplasms
  2 giant cockroaches
  7 goblins
  4 hobgoblins (D:4)
  5 jackals (D:3)
  9 kobolds
  4 ball pythons
  3 frilled lizards
  5 rats
153 creatures vanquished.

Vanquished Creatures (collateral kills)
  A centaur warrior (D:9)
  A two-headed ogre (D:9)
  A gargoyle (D:11)
  Maggie (D:6)
  The ghost of oneeeeegina the Artisan of Death, an amateur DENe of Kikubaaqudgha (D:5)
  A wraith (D:11)
  An acid dragon (D:9)
  A hell hound (D:13)
  3 orc warriors
  A sky beast (D:6)
  A black bear (D:4)
  A centaur (D:13)
  3 kobold brigands (Bailey)
  A bullfrog (D:7)
  A necrophage (D:4)
  3 wights
  A howler monkey (D:11)
  An orc priest (D:7)
  A hound (D:6)
  Crazy Yiuf (D:6)
  2 iguanas (D:4)
  2 orc wizards
  2 gnolls
  3 adders
  9 orcs
  3 jackals
  3 ball pythons
  2 bats
  5 goblins
  4 kobolds (Bailey)
  A rat (D:3)
62 creatures vanquished.

Vanquished Creatures (others)
  4 knights
  An ancestor (D:2)
5 creatures vanquished.

Grand Total: 220 creatures vanquished

Notes
Turn   | Place    | Note
-------+----------+-------------------------------------------
     0 | D:1      | Morbidden the Formicid Fighter began the quest for the Orb.
     0 | D:1      | Reached XP level 1. HP: 18/18 MP: 1/1
   107 | D:1      | Reached XP level 2. HP: 23/24 MP: 2/2
   131 | D:1      | Found a faded altar of an unknown god.
   143 | D:1      | Prayed at the altar of an unknown god.
   143 | D:1      | Became a worshipper of Hepliaklqana the Forgotten
   143 | D:1      | Reached * piety under Hepliaklqana
   295 | D:1      | Found Seonniss's Weapon Shop.
   493 | D:2      | Reached XP level 3. HP: 17/26 MP: 3/3
  1122 | D:3      | Reached ** piety under Hepliaklqana
  1123 | D:3      | Remembered your ancestor Ku-aya as a knight
  1480 | D:3      | Noticed a +0 falchion
  1481 | D:3      | Noticed a +0 dagger
  1481 | D:3      | Noticed a +0 falchion
  1483 | D:3      | Noticed a +0 spear
  1485 | D:3      | Noticed a +0 spear
  1489 | D:3      | Noticed a +0 short sword
  1490 | D:3      | Noticed a +0 short sword
  1516 | D:3      | Noticed Jessica
  1520 | D:3      | Killed Jessica
  1521 | D:3      | Reached skill level 1 in Invocations
  1521 | D:3      | Reached XP level 4. HP: 26/33 MP: 4/4
  1582 | D:3      | Noticed a +0 dagger
  1621 | D:3      | Reached XP level 5. HP: 23/37 MP: 6/6
  1683 | D:3      | Found a hide-covered altar of Uskayaw.
  2042 | D:4      | Noticed Menkaure
  2047 | D:4      | Killed Menkaure
  2048 | D:4      | Reached skill level 3 in Long Blades
  2048 | D:4      | Reached skill level 1 in Axes
  2048 | D:4      | Reached skill level 1 in Dodging
  2048 | D:4      | Reached XP level 6. HP: 43/43 MP: 7/7
  2114 | D:4      | Noticed an ogre
  2123 | D:4      | Killed an ogre
  2124 | D:4      | Reached XP level 7. HP: 26/49 MP: 8/8
  2225 | D:4      | Reached skill level 5 in Shields
  2235 | D:4      | Reached skill level 4 in Long Blades
  2252 | D:4      | Reached skill level 1 in Short Blades
  2257 | D:4      | Reached XP level 8. HP: 35/54 MP: 8/10
  2647 | D:4      | Reached skill level 5 in Armour
  2761 | D:4      | Reached skill level 1 in Ranged Weapons
  2899 | D:4      | Reached skill level 5 in Long Blades
  3117 | D:5      | Entered Level 5 of the Dungeon
  3125 | D:5      | Learned a level 3 spell: Vhi's Electric Charge
  3426 | D:5      | Found a runed translucent door.
  3426 | D:5      | Noticed oneeeeegina's ghost (amateur DENe)
  3579 | D:5      | Reached *** piety under Hepliaklqana
  3716 | D:5      | Reached skill level 1 in Evocations
  4168 | D:5      | Killed oneeeeegina's ghost
  4169 | D:5      | Reached skill level 5 in Fighting
  4169 | D:5      | Reached XP level 9. HP: 52/61 MP: 11/11
  4351 | D:6      | Noticed Prince Ribbit
  4353 | D:6      | Reached skill level 1 in Spellcasting
  4353 | D:6      | Reached skill level 1 in Translocations
  4366 | D:6      | Killed Prince Ribbit
  4367 | D:6      | Reached skill level 6 in Long Blades
  4367 | D:6      | Reached skill level 1 in Air Magic
  4394 | D:6      | Noticed Maggie
  4402 | D:6      | Killed Maggie
  4946 | D:6      | Found a runed translucent door.
  4947 | D:6      | Noticed Crazy Yiuf
  5043 | D:6      | Reached skill level 7 in Long Blades
  5189 | D:6      | Killed Crazy Yiuf
  5224 | D:7      | Reached **** piety under Hepliaklqana
  5230 | D:7      | Found a flagged portal.
  5244 | Bailey   | Entered a bailey
  5259 | Bailey   | Reached XP level 10. HP: 66/66 MP: 13/13
  5328 | Bailey   | Identified the ring of Dudog {Ice Will+ Str+2}
  5581 | Bailey   | Found a bloodstained altar of Trog.
  5960 | D:7      | Found a staircase to the Ecumenical Temple.
  6775 | D:7      | Identified 3 scrolls of acquirement
  6775 | D:7      | Acquired the +5 buckler "Ihon Cadiok" {Stlth+}
  6790 | D:7      | Acquired a manual of Armour
  6792 | D:7      | Acquired a +1 pair of gloves of stealth
  7152 | D:8      | Reached ***** piety under Hepliaklqana
  7384 | D:9      | Noticed a two-headed ogre
  7388 | D:9      | Killed a two-headed ogre
  7389 | D:9      | Reached skill level 8 in Long Blades
  7389 | D:9      | Reached skill level 1 in Stealth
  7433 | D:9      | Reached skill level 5 in Invocations
  7505 | D:9      | Found a sacrificial altar of Ru.
  7505 | D:9      | Noticed a purple ugly thing
  7509 | D:9      | Killed a purple ugly thing
  7510 | D:9      | Reached XP level 11. HP: 72/72 MP: 15/15
  7627 | D:9      | Found a radiant altar of Vehumet.
  7637 | D:9      | Noticed a centaur warrior
  7641 | D:9      | Killed a centaur warrior
  7844 | D:9      | Noticed a white ugly thing
  7845 | D:9      | Noticed a centaur warrior
  7867 | D:9      | Killed a white ugly thing
  7883 | D:9      | You fall into a shaft and drop 2 floors!
  8163 | D:11     | Noticed Erolcha
  8169 | D:11     | Killed Erolcha
  8207 | D:11     | Noticed Josephine
  8214 | D:11     | Killed Josephine
  8215 | D:11     | Noticed a two-headed ogre
  8221 | D:11     | You fall into a shaft and drop 2 floors!
  8415 | D:13     | Noticed a moth of wrath
  8419 | D:13     | Noticed a moth of wrath
  8420 | D:13     | Noticed Benup's ghost (journeyman DsHu)
  8422 | D:13     | Found a bloodstained altar of Trog.
  8422 | D:13     | Noticed a two-headed ogre
  8430 | D:13     | Noticed a tengu warrior
  8431 | D:13     | Found a transporter.
  8435 | D:13     | Noticed a centaur warrior
  8444 | D:13     | Killed a centaur warrior
  8445 | D:13     | Reached skill level 5 in Ranged Weapons
  8571 | D:13     | Noticed Azrael
  8601 | D:13     | You fall into a shaft and drop 2 floors!
  8601 | D:15     | Entered Level 15 of the Dungeon
  8602 | D:15     | Noticed a centaur warrior
  8604 | D:14     | Noticed a wizard
  8614 | D:15     | Noticed an entropy weaver
  8616 | D:15     | Killed a wizard
  8624 | D:15     | Killed a centaur warrior
  8625 | D:15     | Reached XP level 12. HP: 12/80 MP: 17/17
  8625 | D:15     | Killed an entropy weaver
  8626 | D:15     | Reached skill level 9 in Long Blades
  8626 | D:15     | HP: 2/80 [meliai/divine providence (10)]
  8635 | D:15     | HP: 4/80 [meliai/divine providence (9)]
  8635 | D:15     | Killed from afar by a meliai

Illustrated notes

Levels and vault maps discovered:
D:1:      dpeg_arrival_court, layout_rooms, ebering_ecumenical_altar_box,
          serial_shops, nicolae_shop_bloodbath_and_beyond
D:2:      layout_loops_cross, hex_medium, chequers_serial_rivers_room_b
D:3:      layout_basic, nicolae_uskayaw_en_pointe, dreamdust_mushroom_princess,
          kennysheep_minor_cross, uniq_jessica
D:4:      minmay_clustersquares, layout_basic, uniq_menkaure
D:5:      lemuel_ice_spiral_2, layout_basic, hellmonk_ghost_happy_afterlife
D:6:      layout_gridville, uniq_crazy_yiuf_cottage, uniq_prince_ribbit1,
          uniq_maggie
D:7:      layout_rooms, minmay_temple_entry_mini_moons, enter_bailey_3,
          serial_co_window_serial, co_window_paths_a, co_window_corner_a,
          co_window_paths_b, co_window_of_opportunity_a, co_window_paths_a,
          co_window_broadway_b, co_window_2corner, co_window_broadway_a,
          co_window_corner_cb, co_window_2corner, co_window_unsneaky_path_e,
          glass_columns_a, glass_columns_b, glass_columns_a, glass_columns_a,
          glass_columns_a
D:8:      layout_rooms
D:9:      layout_grid_maze, lair_entry_dummy, small_statue_intersection,
          hangedman_feature_mirror, minmay_bent
D:11:     layout_irregular_city, uniq_josephine, uniq_erolcha
D:13:     layout_roguey, david_vaults_4, gammafunk_ghost_wrathful_warriors,
          uniq_azrael
D:14:     layout_big_octagon, nicolae_tso_carved_into_rock
D:15:     hangedman_depths_entry_civil_slaughter, layout_cave_pools,
          minmay_misc_feat_rows

Skill      XL: |  1  2  3  4  5  6  7  8  9 10 11 12 |
---------------+-------------------------------------+-----
Invocations    | 1 2 3 4 5 |  5.8
Fighting       | 4 5 6 |  6.4
Armour         | 4 5 7 8 |  8.1
Long Blades    | 3 4 5 7 8 9 |  9.0
Axes           | 1 |  1.2
Dodging        | 1 2 3 4 |  4.4
Shields        | 5 6 7 |  7.2
Short Blades   | 1 2 3 4 |  4.9
Ranged Weapons | 1 2 3 5 |  5.3
Evocations     | 1 2 3 4 |  4.1
Spellcasting   | 2 3 |  3.9
Translocations | 1 3 |  3.7
Air Magic      | 2 3 |  3.4
Stealth        | 1 3 |  3.7
Throwing       | |  0.4

Action                   |  1- 3 |  4- 6 |  7- 9 | 10-12 || total
-------------------------+-------+-------+-------+-------++-------
Melee: Long sword        |    51 |    41 |       |       ||    92
       Battleaxe         |    21 |    17 |       |       ||    38
       Great sword       |       |     5 |   148 |   105 ||   258
 Fire: Arbalest          |       |       |       |    44 ||    44
       Shortbow          |       |       |       |    15 ||    15
Throw: Javelin           |       |       |     7 |       ||     7
       Boomerang         |       |       |       |    12 ||    12
Invok: Ancestor Life: Kn |     1 |       |       |       ||     1
       Recall Ancestor   |       |       |       |     2 ||     2
       Idealise          |       |       |       |     1 ||     1
 Abil: Shaft Self        |       |       |       |     3 ||     3
Evoke: Wand              |       |     5 |       |    14 ||    19
  Use: Potion            |     1 |       |       |     7 ||     8
       Scroll            |       |       |     5 |    16 ||    21
Armor: Scale mail        |    34 |       |       |       ||    34
       Chain mail        |    18 |    26 |    83 |    40 ||   167
       Plate armour      |       |       |       |    59 ||    59
Dodge: Dodged            |    45 |    22 |    97 |    99 ||   263
Block: Buckler           |    23 |    23 |    43 |   108 ||   197

Table legend: (Time is in decaauts)
 A = Elapsed time spent in this place.
 B = Non-inter-level travel time spent in this place.
 C = Inter-level travel time spent in this place.
 D = Time resting spent in this place.
 E = Time spent auto-exploring this place.
 F = Levels seen in this place.
 G = Mean time per level.
                   A        B        C        D        E       F      G
               +--------+--------+--------+--------+--------+-----+--------+
         Total |   8844 |   8591 |    253 |   1232 |   5718 |  14 |  631.7 |
       Dungeon |   8447 |   8194 |    253 |   1179 |   5512 |  13 |  649.8 |
        Bailey |    397 |    397 |      0 |     53 |    206 |   1 |  397.0 |
               +--------+--------+--------+--------+--------+-----+--------+

Top non-repeatable levels by time:
     D:7: 1296 daAuts
     D:5: 1248 daAuts
     D:4: 1108 daAuts
     D:3: 1064 daAuts
     D:6: 896 daAuts
     D:2: 638 daAuts
     D:9: 529 daAuts
     D:8: 499 daAuts
  Bailey: 397 daAuts
     D:1: 388 daAuts
    D:13: 385 daAuts
    D:11: 353 daAuts
    D:15: 29 daAuts
    D:14: 7 daAuts
